 Dungeon Crawl Stone Soup version 0.28-a0-622-gbaef9634d7 (webtiles) character file.

Game seed: 5919777194352919633

360 KristoblXynda the Ruffian (level 6, 0/53 HPs)
             Began as a Troll Hedge Wizard on Oct 6, 2021.
             Was an Initiate of Vehumet.
             Slain by an adder (4 damage)
             ... on level 4 of the Dungeon.
             The game lasted 00:03:55 (2828 turns).

KristoblXynda the Ruffian (Troll Hedge Wizard)      Turns: 2828, Time: 00:03:55

Health: 0/53       AC:  4    Str: 19    XL:     6   Next: 38%
Magic:  8/8        EV:  5    Int: 12    God:    Vehumet [......]
Gold:   177        SH:  0    Dex:  9    Spells: 8/9 levels left

rFire   + . .      SeeInvis .     - Unarmed
rCold   . . .      Faith    .   (no shield)
rNeg    . . .      Spirit   .   b - +0 robe
rPois   .          Reflect  .   c - +0 hat
rElec   .          Harm     .   (no cloak)
rCorr   .          Rampage  .   (gloves unavailable)
Will    .....                   (boots unavailable)
Stlth   +.........              f - amulet of regeneration
HPRegen 2.17/turn               g - ring of protection from fire
MPRegen 0.11/turn               (no ring)

@: lethally poisoned (0 -> -1), held
A: large, unfitting armour, claws 3, regeneration 1, shaggy fur 1, tough skin 1
a: Renounce Religion


You were on level 4 of the Dungeon.
You worshipped Vehumet.
Vehumet was noncommittal.
You visited 2 branches of the dungeon, and saw 5 of its levels.

You collected 177 gold pieces.

Inventory:

Missiles
 i - a throwing net
Armour
 b - a +0 robe (worn)
 c - a +0 hat (worn)
Jewellery
 f - an amulet of regeneration (around neck)
 g - a ring of protection from fire (left claw)
Scrolls
 e - 2 scrolls of identify {unknown}
 h - a scroll of enchant armour {unknown}
 k - 2 scrolls of amnesia {unknown}
 l - a scroll of vulnerability {unknown}
 m - a scroll of magic mapping {unknown}
 o - a scroll of teleportation {unknown}
Potions
 a - 2 potions of lignification {unknown}
 d - 4 potions of curing {unknown}
 j - a potion of might {unknown}
 n - a potion of brilliance {unknown}


   Skills:
 + Level 3.4 Dodging
 - Level 1.0 Stealth
 + Level 3.5 Unarmed Combat
 - Level 2.0 Spellcasting
 + Level 2.7 Conjurations
 - Level 0.6 Summonings
 - Level 0.6 Translocations


You had 8 spell levels left.
You knew the following spells:

 Your Spells              Type           Power      Damage    Failure   Level
a - Magic Dart            Conj           28%        1d4       9%          1

Your spell library contained the following spells:

 Spells                   Type           Power      Damage    Failure   Level
 Blink                    Tloc           N/A        N/A       32%         2
 Call Imp                 Summ           2%         N/A       32%         2
 Slow                     Hex            1%         N/A       38%         2
 Conjure Flame            Conj/Fire      4%         6-21      43%         3
 Mephitic Cloud           Conj/Pois/Air  3%         N/A       50%         3


Dungeon Overview and Level Annotations

Branches:
Dungeon (4/15)             Temple (1/1) D:4

Altars:
Ashenzari
Dithmenos
Elyvilon
Fedhas
Gozag
Kikubaaqudgha
Makhleb
Nemelex Xobeh
Okawaru
Qazlal
Ru
Sif Muna
Trog
Uskayaw
Vehumet
Wu Jian
Xom
Yredelemnul
The Shining One

Shops:
D:3 [(


Innate Abilities, Weirdness & Mutations

You are too large for most types of armour.
You have claws for hands.
Your natural rate of healing is unusually fast.
You are covered in fur. (AC +1)
You have tough skin. (AC +1)


Message History

The gnoll barely misses you. The adder bites you.
You are poisoned.
The adder poisons you!
You barely miss the gnoll.
You feel sick.
The hobgoblin struggles against the net.
The gnoll hits you from afar with a +0 spear.
The adder bites you but does no damage. The gnoll misses you.
You closely miss the gnoll.
You feel sick. The adder bites you. The gnoll hits you with a +0 flail!
The hobgoblin struggles against the net.
The gnoll hits you from afar with a +0 spear. x2
* * * LOW HITPOINT WARNING * * *
You are too injured to fight recklessly!
Unknown command.
You feel sick.
The hobgoblin struggles against the net.
The adder closely misses you.
You feel sick.
The hobgoblin struggles against the net.
The net rips apart, and the hobgoblin comes free!
The gnoll throws a throwing net.
The throwing net hits you.
You become entangled in the net!
You see here a throwing net.
You tear a large gash into the net.
You feel sick.
You are no longer poisoned.
The adder bites you but does no damage.
The gnoll hits you from afar with a +0 spear.
* * * LOW HITPOINT WARNING * * *
You struggle against the net.
The adder bites you but does no damage.
The gnoll hits you from afar with a +0 spear.
* * * LOW HITPOINT WARNING * * *
The kobold hits you but does no damage.
You struggle against the net.
The adder bites you.
* * * LOW HITPOINT WARNING * * *
You are poisoned.
The adder poisons you! The gnoll hits you but does no damage.
The gnoll hits you from afar with a +0 spear!
* * * LOW HITPOINT WARNING * * *
The adder bites you.
You die...

#.# .......# #.# ......###
##.# ....... ...# .....
##.# #+##... .. #.#
#.##w)# .... ##.##
######.##gg#..... ....#
#......##S...≈≈.≈≈
###.#####.......@Kg≈P≈.≈≈≈
...............≈≈g.≈≈≈≈≈≈≈
≈...≈.≈≈.≈≈.≈≈≈≈≈P≈≈≈≈≈≈≈P
≈...P≈P≈P≈≈≈.≈P≈≈≈≈≈≈≈≈≈≈≈
≈≈≈≈≈≈≈≈≈≈≈≈≈≈≈≈≈≈≈≈≈≈≈≈..
≈≈≈≈≈≈≈≈≈≈≈≈≈≈≈≈≈≈≈≈P≈≈≈P.
≈≈≈≈≈≈.≈≈.≈≈.≈≈≈≈P..≈...≈
#..≈.≈≈.≈......≈..≈.....
.................


You could see 3 gnolls, an adder, a dart slug, a hobgoblin and a kobold.

Vanquished Creatures
  A black bear (D:3)
  2 iguanas (D:3)
  Robin (D:2)
  7 gnolls
  3 adders
  A worm (D:3)
  A dart slug (D:3)
  10 orcs
  6 bats
  8 endoplasms
  3 giant cockroaches
  16 goblins
  6 hobgoblins
  12 jackals
  6 kobolds
  2 quokkas (D:1)
  5 ball pythons
  6 frilled lizards
  4 rats
100 creatures vanquished.

Vanquished Creatures (others)
  7 plants
7 creatures vanquished.

Grand Total: 107 creatures vanquished

Notes
Turn   | Place    | Note
-------+----------+-------------------------------------------
     0 | D:1      | KristoblXynda the Troll Hedge Wizard began the quest for
                  | the Orb.
     0 | D:1      | Reached XP level 1. HP: 16/16 MP: 2/2
   352 | D:1      | Reached skill level 1 in Conjurations
   352 | D:1      | Reached XP level 2. HP: 24/24 MP: 4/4
   386 | D:1      | Found a faded altar of an unknown god.
   416 | D:1      | Reached skill level 1 in Unarmed Combat
  1053 | D:2      | Reached XP level 3. HP: 31/31 MP: 5/5
  1184 | D:2      | Reached XP level 4. HP: 39/39 MP: 6/6
  1220 | D:2      | Found a glowing golden altar of the Shining One.
  1290 | D:2      | Noticed Robin
  1332 | D:2      | Killed Robin
  1623 | D:3      | Reached XP level 5. HP: 42/45 MP: 7/7
  1665 | D:3      | Found Xiodi's Weapon Shoppe.
  1867 | D:3      | Found Wegril's Antique Armour Boutique.
  1871 | D:3      | Noticed a black bear
  1887 | D:3      | Killed a black bear
  1888 | D:3      | Reached XP level 6. HP: 29/53 MP: 8/8
  2100 | D:3      | Found a blossoming altar of Fedhas.
  2105 | D:3      | Found a white marble altar of Elyvilon.
  2107 | D:3      | Found a basalt altar of Yredelemnul.
  2373 | D:4      | Found a staircase to the Ecumenical Temple.
  2384 | Temple   | Entered the Ecumenical Temple
  2568 | Temple   | Became a worshipper of Vehumet
  2828 | D:4      | Slain by an adder

Illustrated notes

Levels and vault maps discovered:
D:1:      dpeg_arrival_more_subterranean_lakeside_camping, layout_loops_corners,
          hellmonk_ecumenical_altar_run_dry, serial_forest,
          infiniplex_forest_lined_room_2, infiniplex_forest_side_room,
          infiniplex_forest_end_2, infiniplex_forest_lined_2,
          infiniplex_forest_fountain, infiniplex_forest_clump_small,
          nrook_campfire
D:2:      layout_rooms, basic_altar, st_stairs_8, uniq_robin
D:3:      layout_loops_ring, minitemple, serial_shops, shop,
          nicolae_shop_waterfront, minmay_misc_feat_rows, st_stairs_10
D:4:      layout_basic, zin_purify, minmay_temple_entry_overgrown, minivault_14,
          chequers_big_river, goddamned_bats
Temple:   regret_index_temple_sphere_string

Skill      XL: |  1  2  3  4  5 |
---------------+----------------+-----
Conjurations   | 1 2 |  2.7
Unarmed Combat | 1 2 3 |  3.5
Dodging        | 2 3 |  3.4
Stealth        | |  1.0
Spellcasting   | |  2.0
Summonings     | |  0.6
Translocations | |  0.6

Action                   |  1- 3 |  4- 6 || total
-------------------------+-------+-------++-------
Melee: Unarmed           |   112 |   208 ||   320
       Punch             |     2 |       ||     2
 Stab: Sleeping          |     1 |     2 ||     3
       Distracted        |       |     1 ||     1
Armor: Robe              |    51 |    68 ||   119
Dodge: Dodged            |    62 |   115 ||   177

Table legend: (Time is in decaauts)
 A = Elapsed time spent in this place.
 B = Non-inter-level travel time spent in this place.
 C = Inter-level travel time spent in this place.
 D = Time resting spent in this place.
 E = Time spent auto-exploring this place.
 F = Levels seen in this place.
 G = Mean time per level.
                   A        B        C        D        E       F      G
               +--------+--------+--------+--------+--------+-----+--------+
         Total |   2816 |   2667 |    149 |     14 |   2010 |   5 |  563.2 |
       Dungeon |   2606 |   2522 |     84 |     14 |   1882 |   4 |  651.5 |
        Temple |    210 |    145 |     65 |      0 |    128 |   1 |  210.0 |
               +--------+--------+--------+--------+--------+-----+--------+

Top non-repeatable levels by time:
     D:1: 1038 daAuts
     D:3: 794 daAuts
     D:2: 460 daAuts
     D:4: 313 daAuts
  Temple: 210 daAuts
